 Dungeon Crawl Stone Soup version 0.15-a0-1472-ge546950 (webtiles) character file.

1033 Psiweapon the Insei (level 8, -7/67 HPs)
             Began as a Merfolk Transmuter on June 13, 2014.
             Shot with an arrow by a centaur (11 damage)
             ... on Level 5 of the Dungeon.
             The game lasted 00:19:23 (5926 turns).

Psiweapon the Insei (Merfolk Transmuter)            Turns: 5926, Time: 00:19:24

HP  -7/67        AC  3     Str 12      XL: 8   Next: 24%
MP  13/13        EV 13     Int 13      God:
Gold 130         SH  0     Dex 14      Spells:  1 memorised, 10 levels left

rFire  . . .     SeeInvis .       - Unarmed
rCold  . . .     Clarity  +     c - +0 robe
rNeg   . . .     rCorr    .     (no shield)
rPois  .         rRot     .     (no helmet)
rElec  .         Spirit   .     (no cloak)
SustAb .         Warding  .     A - +0 pair of gloves
rMut   .         Stasis   .     (no boots)
Gourm  .                        B - amulet of clarity
MR     .....                    (no ring)
                                (no ring)

@: very slightly contaminated, invisible, not resistant to hostile enchantments,
very unstealthy
A: change form in water, swift swim
a: no special abilities


You were on level 5 of the Dungeon.
You were not hungry.

You visited 1 branch of the dungeon, and saw 5 of its levels.
You also visited: Sewer.

You collected 130 gold pieces.

Inventory:

Hand weapons
 z - a +0,+1 sling
Missiles
 b - 12 arrows
 w - 6 javelins (quivered)
 C - 17 sling bullets
 H - 20 stones
Armour
 c - a +0 robe (worn)
 A - a +0 pair of gloves (worn)
Magical devices
 v - a wand of magic darts (5)
Comestibles
 a - 4 bread rations
 o - a chunk of iguana flesh
 u - 3 meat rations
 x - 2 fruits
Scrolls
 e - 2 scrolls of blinking
 g - 2 scrolls of remove curse
 i - a scroll of enchant armour {unknown}
 j - a scroll of enchant weapon I {unknown}
 l - a scroll of fear {unknown}
 n - a scroll of magic mapping {unknown}
 r - 2 scrolls of teleportation
 s - a scroll of recharging {unknown}
 y - 3 scrolls of identify
 F - a scroll of fog {unknown}
 G - 3 scrolls of enchant weapon II
 I - a scroll of noise {unknown}
 K - a scroll of holy word {unknown}
 S - a scroll of torment {unknown}
Jewellery
 B - an amulet of clarity (around neck)
 L - an uncursed amulet of faith
Potions
 f - 2 potions of resistance
 h - a potion of haste {unknown}
 q - 2 potions of cure mutation {unknown}
 t - 2 potions of agility {unknown}
 D - 2 potions of heal wounds {unknown}
 E - 2 potions of poison {unknown}
 O - a potion of berserk rage {unknown}
 P - 2 potions of might {unknown}
 Q - 2 potions of brilliance {unknown}
Books
 d - a book of Changes

   Spells                             Type                      Level
   *Beastly Appendage                 Transmutation                1
   Sticks to Snakes                   Transmutation                2
   Spider Form                        Transmutation/Poison         3
   Ice Form                           Ice/Transmutation            4
   Blade Hands                        Transmutation                5


   Skills:
 - Level 7.0 Fighting
 + Level 3.7 Dodging
 + Level 7.7 Unarmed Combat
 - Level 2.0 Spellcasting
 - Level 3.0 Transmutations


You had 10 spell levels left.
You knew the following spells:

 Your Spells              Type           Power        Failure   Level  Hunger
a - Beastly Appendage     Trmt           #.....       10%         1    ##.....


Dungeon Overview and Level Annotations

Branches:
Dungeon (5/15)
 Temple: D:4-7

Altars:
Ashenzari
Elyvilon
Kikubaaqudgha
Makhleb
Nemelex Xobeh
Trog
Vehumet

Shops:
D:5 =


Message History

Your horns disappear.
The centaur hits you.
* * * LOW HITPOINT WARNING * * *
You completely miss the centaur.
The centaur is severely wounded.
The centaur hits you.
* * * LOW HITPOINT WARNING * * *
The centaur hits you.
* * * LOW HITPOINT WARNING * * *
Drink which item? (? for menu, Esc to quit)
You fade into invisibility!
The centaur misses you.
You are very lightly contaminated with residual magic.
The centaur completely misses you.
You see here an arrow.
There is an open door, spattered with blood here.
You close the door.
A centaur opens the door.
The centaur wields an uncursed shortbow.
The centaur shoots an arrow.
The arrow hits you!
You die...

######.## #.#
######.# .....#.#
...#.#.#### #########
..........###.....(c#
...#.####.....##c##.#
.....####.###.#%..#.#
####.##.......+.@.+..
#.##.#.##..#...#.##
#.......#..##+##.#
##.#.#...........#
#.#.#..####.###.#
##.#.............#
####................#
..##..#............
..................


You could see a centaur.

Vanquished Creatures
  The ghost of Chiseanne the Cutter, an experienced OpAs of Gozag (D:5)
  An ice beast (D:5)
  2 sky beasts (D:5)
  An ogre (D:4)
  A centaur (D:5)
  A centaur skeleton (D:5)
  2 worker ants (D:4)
  An iguana (D:5)
  An ogre zombie (D:5)
  4 adders
  2 giant mites
  5 worms
  An iguana skeleton (D:5)
  2 giant geckos
  An ooze (D:3)
  8 orcs
  9 bats
  2 bat skeletons (D:2)
  18 hobgoblins
  4 jackals (D:4)
  2 quokkas
  A ball python (D:4)
  7 giant cockroaches
  A giant gecko skeleton (D:5)
  32 giant newts
  9 goblins
  A goblin skeleton (D:2)
  A hobgoblin skeleton (D:4)
  A jackal skeleton (D:4)
  9 kobolds
  A kobold skeleton (D:4)
  9 rats
  A rat zombie (D:5)
142 creatures vanquished.

Notes
Turn   | Place    | Note
--------------------------------------------------------------
     0 | D:1      | Psiweapon, the Merfolk Transmuter, began the quest for the Orb.
     0 | D:1      | Reached XP level 1. HP: 15/15 MP: 3/3
   538 | D:1      | Reached XP level 2. HP: 21/21 MP: 2/4
   935 | D:1      | Reached XP level 3. HP: 18/27 MP: 4/6
  1439 | D:2      | Found a bloodstained altar of Trog.
  1459 | D:2      | Found a shattered altar of Ashenzari.
  1528 | D:2      | Found an ancient bone altar of Kikubaaqudgha.
  1543 | D:2      | Reached skill level 4 in Unarmed Combat
  1636 | D:2      | Found a radiant altar of Vehumet.
  2016 | D:2      | Reached XP level 4. HP: 21/34 MP: 5/7
  2800 | D:3      | Found a burning altar of Makhleb.
  2883 | D:3      | Reached XP level 5. HP: 34/41 MP: 9/9
  3130 | D:4      | Noticed an ogre
  3134 | D:4      | Killed an ogre
  3134 | D:4      | Reached skill level 5 in Unarmed Combat
  3159 | D:4      | Reached XP level 6. HP: 10/49 MP: 10/10
  4081 | D:4      | Found a sparkling altar of Nemelex Xobeh.
  4226 | D:5      | Entered Level 5 of the Dungeon
  4252 | D:5      | Reached skill level 5 in Fighting
  4266 | D:5      | Found a white marble altar of Elyvilon.
  4373 | D:5      | Found a glowing drain.
  4414 | Sewer    | Entered a sewer
  4425 | Sewer    | Reached skill level 6 in Unarmed Combat
  4640 | D:5      | Reached XP level 7. HP: 12/56 MP: 10/12
  4814 | D:5      | Found Goipsa's Jewellery Emporium.
  4948 | D:5      | Noticed Chiseanne's ghost (experienced OpAs)
  5013 | D:5      | Killed Chiseanne's ghost
  5013 | D:5      | Reached skill level 7 in Unarmed Combat
  5297 | D:5      | Reached XP level 8. HP: 30/67 MP: 13/13
  5919 | D:5      | HP: 3/67 [centaur (4)]
  5926 | D:5      | Shot with an arrow by a centaur

Action                   |  1- 3 |  4- 6 |  7- 9 || total
-------------------------+-------+-------+-------++-------
Melee: Unarmed           |   141 |   276 |    95 ||   512
 Fire: Sling             |       |     6 |       ||     6
Throw: Javelin           |       |    15 |     2 ||    17
 Cast: Beastly Appendage |    22 |    41 |    10 ||    73
Evoke: Wand              |     1 |       |     1 ||     2
  Use: Scroll            |       |       |     7 ||     7
       Potion            |       |       |     5 ||     5
 Stab: Sleeping          |       |     1 |       ||     1
